 Dungeon Crawl Stone Soup version 0.29.1-2-gbd0b4ee654 (webtiles) character file.

Game seed: 3393847792123822111

168 Raikaria the Stinger (level 5, -7/37 HPs)
             Began as a Gnoll Venom Mage on Nov 9, 2022.
             Killed by divine providence
             ... invoked by an orc priest
              (15 damage)
             ... on level 3 of the Dungeon.
             The game lasted 00:09:44 (3698 turns).

Raikaria the Stinger (Gnoll Venom Mage)             Turns: 3698, Time: 00:09:45

Health: -7/37      AC:  2    Str:  7    XL:     5   Next: 49%
Magic:  1/12       EV: 28    Int: 16    God:
Gold:   118        SH:  0    Dex: 13    Spells: 1/14 levels left

rFire   . . .      SeeInvis .   d - +0 mace
rCold   . . .      Faith    .   (no shield)
rNeg    . . .      Spirit   .   a - +0 robe
rPois   .          Reflect  .   (no helmet)
rElec   .          Harm     .   (no cloak)
rCorr   .          Rampage  .   (no gloves)
Will    .....                   (no boots)
Stlth   +++.......              e - amulet of the acrobat
HPRegen 0.12/turn               (no ring)
MPRegen 0.13/turn               (no ring)

@: acrobatic
A: fangs 1, strong nose, distributed training
a: no special abilities


You were on level 3 of the Dungeon.
You visited 1 branch of the dungeon, and saw 4 of its levels.

You collected 118 gold pieces.

Inventory:

Hand Weapons
 d - a +0 mace (weapon)
Missiles
 i - 9 poisoned darts
Armour
 a - a +0 robe (worn)
 c - a +0 leather armour
 l - a scarf of harm
Jewellery
 e - an amulet of the acrobat (around neck)
Scrolls
 h - 2 scrolls of amnesia {unknown}
 j - 3 scrolls of teleportation {unknown}
 k - a scroll of acquirement {unknown}
 m - a scroll of noise {unknown}
 n - a scroll of vulnerability {unknown}
 o - 2 scrolls of identify {unknown}
 r - a scroll of poison {unknown}
Potions
 b - a potion of magic
 f - a potion of heal wounds {unknown}
 g - a potion of curing {unknown}
 p - 2 potions of haste {unknown}
 q - a potion of brilliance {unknown}
 s - a potion of might {unknown}
 t - a potion of mutation {unknown}


   Skills:
 + Level 1.6 Fighting
 + Level 1.6 Short Blades
 + Level 1.6 Long Blades
 + Level 1.6 Axes
 + Level 1.6 Maces & Flails
 + Level 1.6 Polearms
 + Level 1.6 Staves
 + Level 1.6 Ranged Weapons
 + Level 1.6 Throwing
 + Level 1.6 Armour
 + Level 4.8 Dodging
 + Level 4.4 Stealth
 + Level 1.6 Shields
 + Level 1.6 Unarmed Combat
 + Level 5.2 Spellcasting
 + Level 1.2 Conjurations
 + Level 1.2 Hexes
 + Level 1.2 Summonings
 + Level 1.2 Necromancy
 + Level 1.2 Translocations
 + Level 2.4 Transmutations
 + Level 1.2 Fire Magic
 + Level 1.2 Ice Magic
 + Level 1.2 Air Magic
 + Level 1.2 Earth Magic
 + Level 5.5 Poison Magic
 + Level 1.8 Invocations
 + Level 1.6 Evocations


You had one spell level left.
You knew the following spells:

 Your Spells              Type           Power      Damage    Failure   Level
a - Sting                 Tmut/Pois      68%        1d6       2%          1
b - Poisonous Vapours     Pois/Air       30%        N/A       5%          2
c - Mephitic Cloud        Conj/Pois/Air  12%        N/A       14%         3
d - Olgreb's Toxic Radia  Pois           22%        N/A       16%         4
e - Stone Arrow           Conj/Erth      16%        3d8       26%         3

Your spell library contained the following spells:

 Spells                   Type           Power      Damage    Failure   Level
 Animate Armour           Summ/Erth      16%        N/A       65%         4
 Lehudib's Crystal Spear  Conj/Erth      4%         10d3      100%        8


Dungeon Overview and Level Annotations

Branches:
Dungeon (4/15)
 Temple: D:4-7

Altars:
Okawaru

Annotations:
D:3 Grinder


Innate Abilities, Weirdness & Mutations

You have very sharp teeth.
Your uncanny sense of smell can sniff out nearby items.
Your experience applies equally to all skills.


Message History

Aim: an orc, wielding a +0 trident and wearing a +0 leather armour (wandering, hasn't noticed you) Poisonous vapours surround the orc!
The orc is poisoned.
You hit the orc.
You kill the orc!
An orc comes into view. It is wielding a +0 falchion.
The hobgoblin closely misses you.
An orc priest comes into view. It is wielding a +0 club.
Things that are here:
a +0 club; an orc corpse The orc shouts!
You hit the hobgoblin.
The hobgoblin is almost dead.
You kill the orc!
The hobgoblin hits you. The hobgoblin barely misses you.
A river rat comes into view.
Casting: Poisonous Vapours (safe; 5% risk of failure)
Confirm with . or Enter, or press ? or * to list all spells.
Aiming: Poisonous Vapours (safe; 5% risk of failure)
Press: ? - help, Dir - move target, f - orc priest
Aim: an orc priest, wielding a +0 club and wearing a +0 leather armour Poisonous vapours surround the orc priest!
The orc priest is poisoned.
You kill the orc!
The orc priest invokes the aid of Beogh against you.
Beogh smites you! The hobgoblin hits you.
Casting: Poisonous Vapours (safe; 5% risk of failure)
Confirm with . or Enter, or press ? or * to list all spells.
Aiming: Poisonous Vapours (safe; 5% risk of failure)
Press: ? - help, Dir - move target, f/p - orc priest
Aim: an orc priest, wielding a +0 club and wearing a +0 leather armour (poisoned) Poisonous vapours surround the orc priest!
The orc priest looks even sicker.
The hobgoblin closely misses you.
The orc priest calls down the wrath of Beogh upon you.
Beogh smites you!
* * * LOW HITPOINT WARNING * * *
The hobgoblin attacks as you move away! The hobgoblin completely misses you.
The hobgoblin attacks as you move away! The hobgoblin completely misses you.
The orc priest invokes the aid of Beogh against you.
Beogh smites you!
You die...

..######## #.#
.........# #r#
########<# #o# #
######.# #)# #
#......# #.# #
#.###### #o# # #.#
#g# ###.##### #.#
........# #@#
###.###.########.#
.##.# #..........#
.##.##############
.#...#######
.......)...#
.....#####.#
....## #.# ....#
#.#


You could see an orc priest (very poisoned), a river rat, an orc and a
hobgoblin.

Vanquished Creatures
  A hound (D:4)
  4 gnolls (D:2)
  3 adders
  3 worms
  4 orcs (D:3)
  3 endoplasms
  2 giant cockroaches (D:2)
  3 goblins (D:2)
  8 hobgoblins
  4 jackals (D:2)
  8 kobolds
  3 quokkas
  5 ball pythons
  3 bats (D:2)
  2 frilled lizards
  6 rats
62 creatures vanquished.

Notes
Turn   | Place    | Note
-------+----------+-------------------------------------------
     0 | D:1      | Raikaria the Gnoll Venom Mage began the quest for the Orb.
     0 | D:1      | Reached XP level 1. HP: 13/13 MP: 6/6
   317 | D:1      | Reached XP level 2. HP: 11/19 MP: 7/7
   320 | D:1      | Learned a level 2 spell: Poisonous Vapours
  1023 | D:3      | Reached skill level 5 in Spellcasting
  1023 | D:3      | Reached XP level 3. HP: 22/25 MP: 3/9
  1073 | D:3      | Found an iron altar of Okawaru.
  1100 | D:4      | Reached skill level 1 in Fighting
  1100 | D:4      | Reached skill level 1 in Short Blades
  1100 | D:4      | Reached skill level 1 in Long Blades
  1100 | D:4      | Reached skill level 1 in Axes
  1100 | D:4      | Reached skill level 1 in Maces & Flails
  1100 | D:4      | Reached skill level 1 in Polearms
  1100 | D:4      | Reached skill level 1 in Staves
  1100 | D:4      | Reached skill level 1 in Ranged Weapons
  1100 | D:4      | Reached skill level 1 in Throwing
  1100 | D:4      | Reached skill level 1 in Armour
  1100 | D:4      | Reached skill level 1 in Shields
  1100 | D:4      | Reached skill level 1 in Unarmed Combat
  1100 | D:4      | Reached skill level 1 in Invocations
  1100 | D:4      | Reached skill level 1 in Evocations
  1100 | D:4      | Reached XP level 4. HP: 23/32 MP: 2/11
  1433 | D:3      | Identified the +5 scale mail of Gluttony {Rampage rElec
                  | Int-5 Dex+6}
  1545 | D:3      | Reached skill level 1 in Conjurations
  1545 | D:3      | Reached skill level 1 in Hexes
  1545 | D:3      | Reached skill level 1 in Summonings
  1545 | D:3      | Reached skill level 1 in Necromancy
  1545 | D:3      | Reached skill level 1 in Translocations
  1545 | D:3      | Reached skill level 1 in Fire Magic
  1545 | D:3      | Reached skill level 1 in Ice Magic
  1545 | D:3      | Reached skill level 1 in Air Magic
  1545 | D:3      | Reached skill level 1 in Earth Magic
  1691 | D:2      | Learned a level 3 spell: Mephitic Cloud
  2684 | D:2      | Reached XP level 5. HP: 30/37 MP: 12/12
  3455 | D:3      | Noticed Grinder
  3469 | D:2      | Learned a level 4 spell: Olgreb's Toxic Radiance
  3473 | D:2      | Learned a level 3 spell: Stone Arrow
  3698 | D:3      | Killed from afar by an orc priest

Illustrated notes

Levels and vault maps discovered:
D:1:      ncdulo_wetmaze, layout_rooms
D:2:      minmay_chambers_of_ones, layout_basic, minmay_tromino_v4_c
D:3:      layout_loops_ring, okawaru_trees_2, chequers_ecumenical_altar_twisty,
          portal_sewer_entry_b, uniq_grinder
D:4:      layout_gridville, slow_altar_1, nicolae_overflow_squiral,
          serial_shops, shop, st_stairs_6, uniq_robin, uniq_menkaure

Skill      XL: |  1  2  3  4 |
---------------+-------------+-----
Transmutations | 2 |  2.4
Spellcasting   | 5 |  5.2
Fighting       | 1 |  1.6
Short Blades   | 1 |  1.6
Long Blades    | 1 |  1.6
Axes           | 1 |  1.6
Maces & Flails | 1 |  1.6
Polearms       | 1 |  1.6
Staves         | 1 |  1.6
Ranged Weapons | 1 |  1.6
Throwing       | 1 |  1.6
Armour         | 1 |  1.6
Shields        | 1 |  1.6
Unarmed Combat | 1 |  1.6
Invocations    | 1 |  1.8
Evocations     | 1 |  1.6
Conjurations   | 1 |  1.2
Hexes          | 1 |  1.2
Summonings     | 1 |  1.2
Necromancy     | 1 |  1.2
Translocations | 1 |  1.2
Fire Magic     | 1 |  1.2
Ice Magic      | 1 |  1.2
Air Magic      | 1 |  1.2
Earth Magic    | 1 |  1.2
Dodging        | |  4.8
Stealth        | |  4.4
Poison Magic   | |  5.5

Action                   |  1- 3 |  4- 6 || total
-------------------------+-------+-------++-------
Melee: Mace              |    33 |   154 ||   187
       Bite              |       |    17 ||    17
       Punch             |       |     4 ||     4
 Cast: Sting             |    12 |     1 ||    13
       Poisonous Vapours |     4 |    26 ||    30
       Mephitic Cloud    |       |     1 ||     1
 Stab: Sleeping          |     7 |     4 ||    11
Armor: Robe              |     8 |    25 ||    33
Dodge: Dodged            |    33 |   135 ||   168
